 Dungeon Crawl Stone Soup version 0.32-a0-599-gba8f9cf90e (webtiles) character file.

Game seed: 4666777107478110461

734 runemasterragnar the Charlatan (level 7, -1/54 HPs)
             Began as a Coglin Artificer on Mar 2, 2024.
             Was a Follower of Okawaru.
             Slain by a gnoll sergeant
             ... wielding a +3 trident of flaming
              (12 damage)
             ... on level 4 of the Dungeon.
             The game lasted 00:07:16 (3721 turns).

runemasterragnar the Charlatan (Coglin Artificer)   Turns: 3721, Time: 00:07:16

Health: -1/54      AC:  6    Str: 14    XL:     7   Next: 74%
Magic:  8/8        EV: 10    Int: 10    God:    Okawaru [*.....]
Gold:   299        SH:  0    Dex: 15    Spells: 6/6 levels left

rFire   . . .        t - +0 short sword of the Blushing Puffin {flame, rElec rN+}
rCold   . . .        r - +0 long sword {Ajinder}
rNeg    + . .        g - +0 ring mail
rPois   .            (no helmet)
rElec   +            (no cloak)
rCorr   .            o - +0 pair of gloves
SInv    .            (no boots)
Will    .....        (amulet unavailable)
Stlth   +            (ring unavailable)
HPRegen 0.29/turn    (ring unavailable)
MPRegen 0.11/turn    (no gizmo)

%: no passive effects
@: revved
A: off-hand wielding, slow wielding, warmup strikes, no jewellery
a: Invent Gizmo, Renounce Religion, Heroism


You were on level 4 of the Dungeon.
You worshipped Okawaru.
Okawaru was aware of your devotion.
You visited 1 branch of the dungeon, and saw 4 of its levels.

You collected 299 gold pieces.

Inventory:

Hand Weapons
 a - a +0 club {Belessunu}
 f - a +0 dagger {Eunwoo}
 j - a +0 rapier {Qiu}
 k - a +0 hand axe
 p - a +2 flail of protection
 r - a +0 long sword (offhand) {Ajinder}
 t - the +0 short sword of the Blushing Puffin (weapon) {flame, rElec rN+}
   (You found it on level 3 of the Dungeon)

   rElec:     It insulates you from electricity.
   rN+:       It protects you from negative energy.
 v - a +3 dagger of venom
 y - a +0 short sword of electrocution
Missiles
 s - 2 throwing nets
Armour
 b - a +0 leather armour
 g - a +0 ring mail (worn)
 o - a +0 pair of gloves (worn)
Wands
 c - a wand of flame (49) (quivered)
 d - a wand of charming (10)
Scrolls
 e - a scroll of enchant weapon {unknown}
 i - 3 scrolls of immolation
 m - 4 scrolls of identify
 w - a scroll of noise {unknown}
 A - a scroll of fog {unknown}
Potions
 h - a potion of enlightenment
 l - a potion of mutation {unknown}
 n - a potion of curing
 q - a potion of brilliance
 u - a potion of ambrosia {unknown}
 z - a potion of berserk rage {unknown}


   Skills:
 + Level 4.1 Fighting
 - Level 1.2(2.7) Short Blades
 * Level 4.1(4.2) Long Blades
 + Level 2.6 Armour
 - Level 0.8 Dodging
 - Level 0.7 Stealth
 + Level 2.0 Invocations
 + Level 6.6 Evocations


You had 6 spell levels left.
You didn't know any spells.
Your spell library contained the following spells:

 Spells                   Type           Power      Damage    Failure   Level
 Dazzling Flash           Conj/Hex       0%         N/A       92%         3
 Frozen Ramparts          Ice            0%         1d1       92%         3
 Volatile Blastmotes      Fire/Tloc      0%         2d10      92%         3
 Leda's Liquefaction      Alch/Erth      0%         N/A       100%        4
 Petrify                  Alch/Erth      0%         N/A       100%        4
 Metabolic Englaciation   Hex/Ice        0%         N/A       100%        5
 Starburst                Conj/Fire      0%         6d3       100%        6
 Maxwell's Capacitive Co  Air            0%         ∞         100%        8


Dungeon Overview and Level Annotations

Branches:
Dungeon (4/15)
 Temple: D:4-7

Altars:
Ashenzari
Cheibriados
Kikubaaqudgha
Okawaru
Vehumet
Zin

Annotations:
D:4 3 runed translucent doors, Tupra's ghost, amateur DrSh; horus123's ghost, amateur DsGl


Innate Abilities, Weirdness & Mutations

You can wield a second weapon in your off-hand.
It takes a long time for you to wield or remove held weapons.
Your first few attacks do less damage.
You cannot equip rings or amulets.


Message History

The gnoll sergeant barely misses you.
You hit the gnoll sergeant but do no damage.
The gnoll sergeant is heavily wounded.
You barely miss the gnoll sergeant with the +0 short sword of the Blushing Puffin.
The gnoll sergeant hits you with a +3 trident of flaming!
* * * LOW HITPOINT WARNING * * *
The gnoll sergeant burns you.
* * * LOW HITPOINT WARNING * * *
You feel much better. The gnoll sergeant closely misses you.
You closely miss the gnoll sergeant with the +0 short sword of the Blushing Puffin.
The gnoll sergeant is heavily wounded.
The gnoll sergeant blocks your attack.
The gnoll sergeant hits you but does no damage.
You hit the gnoll sergeant with your +0 long sword.
The gnoll sergeant is severely wounded.
You barely miss the gnoll sergeant with the +0 short sword of the Blushing Puffin.
The gnoll sergeant hits you with a +3 trident of flaming!
The gnoll sergeant burns you.
* * * LOW HITPOINT WARNING * * *
You barely miss the gnoll sergeant with the +0 short sword of the Blushing Puffin.
The gnoll sergeant is severely wounded.
The gnoll sergeant blocks your attack. The gnoll sergeant closely misses you.
Unknown command.
You barely miss the gnoll sergeant with the +0 short sword of the Blushing Puffin.
The gnoll sergeant is severely wounded.
You barely miss the gnoll sergeant with your +0 long sword.
The gnoll sergeant barely misses you.
You hit the gnoll sergeant with your +0 long sword.
The gnoll sergeant is almost dead.
You hit the gnoll sergeant but do no damage.
The gnoll sergeant closely misses you.
You barely miss the gnoll sergeant with your +0 long sword.
The gnoll sergeant is severely wounded.
You hit the gnoll sergeant but do no damage.
The gnoll sergeant hits you with a +3 trident of flaming.
* * * LOW HITPOINT WARNING * * *
The gnoll sergeant burns you.
* * * LOW HITPOINT WARNING * * *
The gnoll sergeant hits you with a +3 trident of flaming!
You die...

#....# #.... #.##.# #....
##.##.### #.... ##..##...###
#.... #..##..#...### #....
#.###.####...##### #....
##.##..#..###...+.####....
#.%##.##g...##.##...######
#.##..#..@..#..#..#...###
##.##.##....##.##.####...##
#..#...###..'..#..#..###.)÷
#.##'#..†####.##.##....##)#
#.##.###...#..#..#.....#).#
##.##...###@..##.##...(##.##
#..#..#@..###.#...#'#..#..#
##.##.####.O.#####...####.###
#..#.(#..#'#.(.#.###...#..#..


You could see a gnoll sergeant.

Vanquished Creatures
  Sigmund (D:4)
  An ogre (D:4)
  2 scorpions (D:4)
  An orc priest (D:4)
  2 iguanas (D:4)
  Ijyb (D:4)
  3 orc wizards (D:4)
  3 gnolls
  4 adders
  A river rat (D:3)
  2 ribbon worms
  3 dart slugs
  6 orcs (D:4)
  7 ball pythons
  9 endoplasms
  12 giant cockroaches
  3 goblins
  6 hobgoblins
  2 jackals
  8 kobolds
  A quokka (D:2)
  3 bats (D:2)
  5 frilled lizards
  10 rats
96 creatures vanquished.

Vanquished Creatures (collateral kills)
  2 gnolls
  An endoplasm (D:3)
  A ball python (D:2)
4 creatures vanquished.

Vanquished Creatures (others)
  A gnoll (D:3)
1 creature vanquished.

Grand Total: 101 creatures vanquished

Notes
Turn   | Place    | Note
-------+----------+-------------------------------------------
     0 | D:1      | runemasterragnar the Coglin Artificer began the quest for
                  | the Orb.
     0 | D:1      | Reached XP level 1. HP: 15/15 MP: 1/1
   236 | D:1      | Reached XP level 2. HP: 21/21 MP: 2/2
   397 | D:1      | Found a faded altar of an unknown god.
   657 | D:1      | Reached XP level 3. HP: 27/27 MP: 3/3
  1025 | D:2      | Reached skill level 1 in Short Blades
  1025 | D:2      | Reached skill level 5 in Evocations
  1054 | D:2      | Reached XP level 4. HP: 29/34 MP: 4/4
  1638 | D:2      | HP: 1/34 [gnoll/+2 flail of protection (6)]
  1649 | D:3      | Reached skill level 1 in Long Blades
  1649 | D:3      | Reached XP level 5. HP: 29/40 MP: 5/5
  1715 | D:3      | Found an ancient bone altar of Kikubaaqudgha.
  1804 | D:3      | Found a broken altar of Ashenzari.
  1805 | D:3      | Found a radiant altar of Vehumet.
  1805 | D:3      | Found an iron altar of Okawaru.
  1819 | D:3      | Became a worshipper of Warmaster Okawaru
  1844 | D:3      | Identified the +0 short sword of the Blushing Puffin
                  | {flame, rElec rN+}
  1922 | D:3      | Found a glowing silver altar of Zin.
  2351 | D:4      | Found a runed translucent gate.
  2351 | D:4      | Found a runed translucent gate.
  2354 | D:4      | Noticed Ijyb
  2371 | D:4      | Killed Ijyb
  2371 | D:4      | HP: 2/41 [poisoned by Ijyb]
  2374 | D:4      | Reached skill level 1 in Invocations
  2374 | D:4      | Reached XP level 6. HP: 13/47 MP: 6/6
  2590 | D:4      | Reached skill level 6 in Evocations
  2967 | D:4      | Reached XP level 7. HP: 42/52 MP: 8/8
  3022 | D:4      | Reached * piety under Okawaru
  3201 | D:4      | Noticed Sigmund
  3284 | D:4      | Killed Sigmund
  3482 | D:4      | Found a runed translucent gate.
  3489 | D:4      | Noticed horus123's ghost (amateur DsGl)
  3489 | D:4      | Noticed Tupra's ghost (amateur DrSh)
  3632 | D:4      | Found a snail-covered altar of Cheibriados.
  3721 | D:4      | Slain by a gnoll sergeant

Illustrated notes

Levels and vault maps discovered:
D:1:      nicolae_arrival_washed_ashore, layout_basic,
          hellmonk_ecumenical_altar_run_dry, roderic_serpentine_path,
          dreamdust_princess_bridge
D:2:      layout_basic
D:3:      layout_basic, mainiacjoe_overflow_six_doors_small,
          mainiacjoe_overflow_paths, chequers_temple_overflow_statue_of_worship,
          portal_sewer_entry_e
D:4:      minmay_skewed_foursquare, layout_basic, kennysheep_mini_moat,
          gammafunk_ghost_cemetery, minmay_starry_boxes, uniq_sigmund, uniq_ijyb

Skill      XL: |  1  2  3  4  5  6  7 |
---------------+----------------------+-----
Fighting       | 2 3 4 |  4.1
Short Blades   | 1 |  1.2
Evocations     | 5 6 |  6.6
Long Blades    | 1 2 3 4 |  4.1
Invocations    | 1 2 |  2.0
Armour         | 2 |  2.6
Dodging        | |  0.8
Stealth        | |  0.7

Action                     |  1- 3 |  4- 6 |  7- 9 || total
---------------------------+-------+-------+-------++-------
  Melee: Club              |    26 |       |       ||    26
         Dagger            |    68 |    14 |       ||    82
         Rapier            |    46 |    56 |       ||   102
         Long sword        |       |   121 |    35 ||   156
         Short sword       |       |    67 |    33 ||   100
 Invoke: Heroism           |       |       |     1 ||     1
  Evoke: Wand              |     1 |     9 |     7 ||    17
    Use: Potion            |       |     5 |     4 ||     9
         Scroll            |       |     5 |       ||     5
 Armour: Ring mail         |    47 |   152 |    32 ||   231
         Skin              |       |       |     9 ||     9
  Dodge: Dodged            |    44 |    87 |    13 ||   144

Table legend: (Time is in decaauts)
 A = Elapsed time spent in this place.
 B = Non-inter-level travel time spent in this place.
 C = Inter-level travel time spent in this place.
 D = Time resting spent in this place.
 E = Time spent auto-exploring this place.
 F = Levels seen in this place.
 G = Mean time per level.
                   A        B        C        D        E       F      G
               +--------+--------+--------+--------+--------+-----+--------+
         Total |   3743 |   3563 |    180 |     83 |   2558 |   4 |  935.8 |
       Dungeon |   3743 |   3563 |    180 |     83 |   2558 |   4 |  935.8 |
               +--------+--------+--------+--------+--------+-----+--------+

Top non-repeatable levels by time:
     D:4: 1388 daAuts
     D:1: 964 daAuts
     D:3: 720 daAuts
     D:2: 669 daAuts
